 Dungeon Crawl Stone Soup version 0.31.0-12-g77e489cdc1 (webtiles) character file.

Game seed: 8827989826887035441

88 Janerl the Cudgeller (level 4, -1/4 HPs)
             Began as a Minotaur Berserker on Mar 2, 2024.
             Was a Believer of Trog.
             Killed from afar by a dart slug (5 damage)
             ... with a slug dart
             ... on level 3 of the Dungeon.
             The game lasted 00:06:06 (1639 turns).

Janerl the Cudgeller (Minotaur Berserker)           Turns: 1639, Time: 00:06:07

Health: -1/4       AC:  5    Str: 21    XL:     4   Next: 29%
Magic:  3/3        EV:  8    Int:  6    God:    Trog [**....]
Gold:   111        SH:  0    Dex: 10    Spells: 3/3 levels left

rFire   . . .        a - melded +0 mace
rCold   . . .        (shield currently unavailable)
rNeg    . . .        i - +0 chain mail
rPois   .            (helmet restricted)
rElec   .            (no cloak)
rCorr   .            (gloves currently unavailable)
SInv    .            (no boots)
Will    .....        (no amulet) Stlth
                     h - +4 ring of protection
HPRegen 0.20/turn    (no ring)
MPRegen 0.08/turn

%: no passive effects
@: blade hands
A: reduced hp, horns 2, retaliatory headbutt
a: Begin Untransformation, Renounce Religion, Berserk, Trog's Hand


You were on level 3 of the Dungeon.
You worshipped Trog.
Trog was pleased with you.
You had blades for hands.
You visited 1 branch of the dungeon, and saw 3 of its levels.

You collected 111 gold pieces.

Inventory:

Hand Weapons
 a - a +0 mace (melded)
 g - a +0 short sword of speed
 n - a +4 dagger
 q - a +2 dagger of venom
Missiles
 j - 5 poisoned darts (quivered)
Armour
 f - a +0 ring mail
 i - a +0 chain mail (worn)
Jewellery
 d - an amulet of faith
 h - a +4 ring of protection (left blade hand)
Talismans
 r - a blade talisman (active)
Scrolls
 b - 2 scrolls of enchant armour {unknown}
 c - 2 scrolls of vulnerability {unknown}
 m - a scroll of noise {unknown}
 o - 4 scrolls of teleportation {unknown}
Potions
 e - a potion of haste {unknown}
 k - a potion of ambrosia {unknown}
 l - a potion of mutation {unknown}
 p - a potion of cancellation {unknown}


   Skills:
 + Level 4.1 Fighting
 + Level 5.2 Maces & Flails
 + Level 0.8 Throwing
 + Level 2.9 Armour
 + Level 2.4 Dodging


You had 3 spell levels left.
You didn't know any spells.
Your spell library was empty.

Dungeon Overview and Level Annotations

Branches:
Dungeon (3/15)

Altars:
Nemelex Xobeh

Annotations:
D:3 2 transporters, Raydon1206's ghost, amateur HOFi


Innate Abilities, Weirdness & Mutations

You have blades for hands.
Your maximum health is decreased, since you lack skill for your form.
You are incapable of wielding weapons or throwing items.
You have a pair of horns on your head.
You reflexively headbutt those who attack you in melee.


Message History

You kill the rat!
Trog accepts your kill.
You see here a rat corpse.
You see here a rat corpse.
You see here a +0 club.
Found a transporter.
Found 16 gold pieces, a long sword and a +6 ring of dexterity.
Raydon1206's ghost turns its malevolent gaze towards you.
You hear a chilling moan.
The quasit gives a chilling moan.
Found a scale mail.
Found a stone staircase leading down.
Found a stone staircase leading down.
Found a transporter.
You see here a +0 scale mail.
Found a blade talisman.
Found a scroll labelled CALESARUSS.
There is a stone staircase leading down here.
Found a leather armour.
You see here a blade talisman.
r - a blade talisman You begin transforming.
You continue transforming. x3
Your hands turn into razor-sharp scythe blades.
Your +0 mace melds into your body.
HP restored.
There is a stone staircase leading down here.
You now have 111 gold pieces (gained 14).
o - 4 scrolls labelled CALESARUSS (gained 1)
A dart slug is nearby!
The dart slug launches a dart at you. The slug dart hits you.
A dart slug comes into view.
The dart slug launches a dart at you.
The slug dart hits you but does no damage.
The dart slug bites you but does no damage.
You hit the dart slug.
The dart slug is lightly wounded.
The dart slug launches a dart at you. The slug dart hits you.
Ouch! That really hurt!
You die...

##.###.#.# ≈w#≈≈~~~≈~≈~#≈~
##.#..#.#######~≈≈≈~~≈≈≈≈≈≈≈≈
##.#.#........≈≈≈#~~≈≈≈≈≈≈~.
#######.#.######..#~≈≈≈≈~~~≈≈≈≈~.
..........# ##.###~#≈≈≈~~~≈~w.#
........##### #..# ##.#≈≈≈≈~†...#
######......# #.## #..#~~.~~##..#
#.####.# #w## ##.##..####..#
#.####.###.@###..##.## ##..#
#.......###..#..###†####...#
######..# ##...###.........# #..#
##### #.#####)♣♣♣ ##..# #.# #.♣..
##...# ###.# #.♣.. ######..#.##
#...# #.♣♣. ####..........#
#####.#######....
.....####©###..##................


You could see a dart slug.

Vanquished Creatures
  3 adders
  3 dart slugs (D:3)
  6 ball pythons
  5 bats
  4 endoplasms (D:1)
  4 giant cockroaches
  3 goblins
  3 hobgoblins (D:1)
  2 jackals (D:2)
  3 quokkas
  4 frilled lizards
  7 kobolds
  6 rats
53 creatures vanquished.

Notes
Turn   | Place    | Note
-------+----------+-------------------------------------------
     0 | D:1      | Janerl the Minotaur Berserker began the quest for the Orb.
     0 | D:1      | Reached XP level 1. HP: 19/19 MP: 0/0
   103 | D:1      | Reached skill level 4 in Maces & Flails
   103 | D:1      | Reached XP level 2. HP: 27/27 MP: 1/1
   336 | D:1      | Reached XP level 3. HP: 33/33 MP: 2/2
   532 | D:2      | Reached ** piety under Trog
   628 | D:2      | Reached skill level 5 in Maces & Flails
  1065 | D:2      | Reached XP level 4. HP: 40/40 MP: 3/3
  1258 | D:3      | HP: 2/40 [poisoned by a goblin]
  1407 | D:3      | Found a sparkling altar of Nemelex Xobeh.
  1519 | D:3      | Found a transporter.
  1521 | D:3      | Noticed Raydon1206's ghost (amateur HOFi)
  1536 | D:3      | Found a transporter.
  1639 | D:3      | Killed from afar by a dart slug

Illustrated notes

Levels and vault maps discovered:
D:1:      orjb1_lava_funnel, layout_rooms
D:2:      layout_basic, serial_glass, glass_columns_b, glass_columns_a,
          glass_columns_c, glass_columns_c, glass_columns_c, glass_columns_c,
          glass_columns_a, glass_columns_a, glass_columns_c, glass_columns_a,
          due_unseen_surprise
D:3:      kennysheep_slugbush, layout_loops_ring, mainiacjoe_overflow_alcove_1,
          lemuel_coloured_pillars_altar, gammafunk_ghost_stat_death

Skill      XL: |  1  2  3 |
---------------+----------+-----
Maces & Flails | 4 5 |  5.2
Fighting       | 4 |  4.1
Throwing       | |  0.8
Armour         | |  2.9
Dodging        | |  2.4

Action                     |  1- 3 |  4- 6 || total
---------------------------+-------+-------++-------
  Melee: Mace              |    83 |    12 ||    95
         Headbutt          |    11 |     2 ||    13
         Unarmed           |       |     1 ||     1
         Punch             |       |     1 ||     1
  Throw: Dart              |    23 |     4 ||    27
   Stab: Sleeping          |     1 |       ||     1
 Armour: Animal skin       |    10 |       ||    10
         Chain mail        |    60 |    14 ||    74
  Dodge: Dodged            |    46 |     3 ||    49
   Form: Blade             |       |     1 ||     1
